 Dungeon Crawl Stone Soup version 0.23.2-1-ga50397a6bc (webtiles) character file.

Game seed: 16902270352745186360

108 Mrkan the Ruffian (level 4, -3/45 HPs)
             Began as a Troll Monk on May 19, 2019.
             Slain by a wight
             ... wielding a cursed +2 dire flail
              (11 damage)
             ... on level 3 of the Dungeon.
             The game lasted 00:02:50 (1828 turns).

Mrkan the Ruffian (Troll Monk)                      Turns: 1828, Time: 00:02:51

Health: -3/45      AC:  6    Str: 20    XL:     4   Next: 58%
Magic:  3/3        EV: 10    Int:  6    God:
Gold:   81         SH:  0    Dex: 12    Spells: 3/3 levels left

rFire    . . .     SeeInvis .     - Unarmed
rCold    . . .     Gourm    +   (no shield)
rNeg     . . .     Faith    .   a - +0 robe
rPois    .         Spirit   .   (helmet restricted)
rElec    .         Reflect  .   (no cloak)
rCorr    .         Harm     .   (gloves unavailable)
MR       .....                  (boots unavailable)
Stlth    +.........             (no amulet)
HPRegen  0.55/turn              (no ring)
MPRegen  0.08/turn              (no ring)

@: drained
A: large, unfitting armour, claws 3, fast metabolism 3, gourmand, regeneration
1, shaggy fur 1, tough skin 3
a: no special abilities


You were on level 3 of the Dungeon.
You were near starving.

You visited 1 branch of the dungeon, and saw 3 of its levels.

You collected 81 gold pieces.

Inventory:

Armour
 a - a +0 robe (worn)
Jewellery
 g - a +4 ring of slaying {unknown}
 m - an uncursed amulet of harm {unknown}
Scrolls
 c - 2 scrolls of enchant armour {unknown}
 e - 2 scrolls of identify {unknown}
 f - a scroll of amnesia {unknown}
 k - 2 scrolls of teleportation {unknown}
 o - a scroll of fog {unknown}
 p - a scroll of random uselessness {unknown}
Potions
 d - a potion of brilliance {unknown}
 h - 2 potions of curing {unknown}
 i - a potion of agility {unknown}
 j - a potion of heal wounds {unknown}
 l - a potion of might {unknown}
 n - a potion of haste {unknown}
Comestibles
 b - 6 rations


   Skills:
 + Level 3.2(2.6) Fighting
 - Level 2.4(1.8) Dodging
 - Level 1.0(0.4) Stealth
 * Level 4.7(4.1) Unarmed Combat


You had 3 spell levels left.
You didn't know any spells.
Your spell library was empty.

Dungeon Overview and Level Annotations

Branches:
Dungeon (3/15)

Altars:
Uskayaw


Innate Abilities, Weirdness & Mutations

You are too large for most types of armour.
You have claws for hands.
Your metabolism is lightning-fast.
You like to eat raw meat.
Your natural rate of healing is unusually fast.
You are covered in fur. (AC +1)
You have extremely tough skin. (AC +3)


Message History

You scratch the wight but do no damage.
The wight is heavily damaged.
The wight hits you with a cursed +0 long sword.
You feel drained.
You barely miss the wight.
The wight is heavily damaged.
The wight barely misses you.
You scratch the wight but do no damage.
The wight is heavily damaged.
The wight hits you with a +0 hand axe.
You claw the wight!
You destroy the wight!
You have reached level 4!
The wight hits you with a +0 hand axe!
You feel drained.
You closely miss the wight. The wight misses you.
The wight hits you with a cursed +2 dire flail!
* * * LOW HITPOINT WARNING * * *
You barely miss the wight. The wight closely misses you.
The wight hits you with a cursed +2 dire flail!
You die...

#.....# .# ###
#.....# ..#
#...+.....#...#
#.#.#.z...#..
#......z....
#..##.zz?.# ###
#........###.##
.....#z####........
......†@zz<..###.##
....(#.####..# ...
#. #..# . #. #..#
#. #..# .. .... #%
...## #. ..#


You could see 3 wights.

Vanquished Creatures
  A wight (D:3)
  3 worms (D:2)
  2 dart slugs (D:1)
  3 leopard geckos (D:2)
  A giant cockroach (D:2)
  2 goblins (D:2)
  4 hobgoblins (D:1)
  12 jackals
  7 kobolds
  A quokka (D:2)
  4 bats
  2 frilled lizards
  5 rats
47 creatures vanquished.

Notes
Turn   | Place    | Note
-------+----------+-------------------------------------------
     0 | D:1      | Mrkan the Troll Monk began the quest for the Orb.
     0 | D:1      | Reached XP level 1. HP: 22/22 MP: 0/0
    71 | D:1      | Reached XP level 2. HP: 29/29 MP: 1/1
   516 | D:2      | Found a hide-covered altar of Uskayaw.
   618 | D:2      | Reached XP level 3. HP: 36/36 MP: 2/2
   705 | D:2      | Reached skill level 4 in Unarmed Combat
  1826 | D:3      | Reached XP level 4. HP: 26/45 MP: 3/3
  1828 | D:3      | Slain by a wight

Skill      XL: |  1  2  3 |
---------------+----------+-----
Unarmed Combat | 4 |  4.7
Fighting       | 3 |  3.2
Dodging        | |  2.4
Stealth        | |  1.0

Action                   |  1- 3 |  4- 6 || total
-------------------------+-------+-------++-------
Melee: Unarmed           |   123 |     2 ||   125
       Punch             |     1 |       ||     1
 Stab: Sleeping          |     4 |       ||     4
  Eat: Ration            |     2 |       ||     2
       Chunk             |     5 |       ||     5
Armor: Robe              |    46 |       ||    46
Dodge: Dodged            |    67 |     2 ||    69
